Workbook

Sheet Cover
C1: HOUSEHOLD IDENTIFICATION
B3: cod_int
B5: hh_id | H5: 0
B7: sample_type
E8: 1 | F8: RDD | H8: hh_id 12001 …
E9: 2 | F9: NEW | H9: hh_id 20001 …
E10: 3 | F10: PANEL | H10: hh_id 30001 …
E11: 4 | F11: SCREENING | H11: hh_id 40001 …
E12: 5 | F12: LIST | H12: hh_id lista al 1 al 11618
B14: order | M14: DB_EDITING: renombrar por h_order
E15: 1 | F15: FIRST HOUSEHOLD | M15: WORKER INTERVIEWER FIRST
E16: 2 | F16: SECOND HOUSEHOLD | M16: HOUSEHOLD INTERVIEWER FIRST
B18: w_hcountry
E19: 676 | F19: TONGA
E20: 678 | F20: VANUATU
E21: 686 | F21: KIRIBATI
B23: w_name
B25: w_phone
B27: kin_name_1
B29: kin_phone_1
B31: kin_name_2
B33: kin_phone_2
B35: hh_panel_id
B37: provider
E38: 1 | F38: UCALL
E39: 2 | F39: DIGICEL
E40: 3 | F40: VODAFONE
E41: 4 | F41: DIGICEL
E42: 5 | F42: OCEANLINK
E43: 6 | F43: VODAFONE
B45: w_phone_type
E46: 1 | F46: MOBILE
E47: 2 | F47: LANDLINE

Sheet 1.HHroster
A1: 1 | C1: SECTION 1. HOUSEHOLD ROSTER
B3: 1.13 | C3: In what village / area is your dwelling?
C4: INTERVIEWER: REGISTER THE VILLAGE NAME EXACTLY AS INFORMED BY THE RESPONDENT
H5: CATI: STRING 80 CHARACTERES
B7: 1.14 | C7: VILLAGE
C8: INTERVIEWER: USE THE LIST TO LOOK FOR THE VILLAGE IF YOU DO NOT FIND IT READ THE SIMILAR OPTIONS
D9: CATI: LIST OF CODES
C11: ="CATI: IF w_hcountry = 678 GO TO "&B12&" OTHERWISE GO TO "&B16 -> CATI: IF w_hcountry = 678 GO TO 1.15 OTHERWISE GO TO 1.16
B12: 1.15 | C12: THIRD LEVEL
C13: CATI: ASSIGN THE RESPECTIVE CODE FOR THE THIRD LEVEL
C15: ="CATI: IF w_hcountry != 686 GO TO "&B16&" OTHERWISE GO TO "&B19 -> CATI: IF w_hcountry != 686 GO TO 1.16 OTHERWISE GO TO 1.16a
B16: 1.16 | C16: SECOND LEVEL
C17: CATI: ASSIGN THE RESPECTIVE CODE FOR THE SECOND LEVEL
B19: 1.16a | C19: FIRST LEVEL
C20: CATI: ASSIGN THE RESPECTIVE CODE FOR FIRST LEVEL
B22: 1.16b | C22: Is your dwelling in…
D23: 1 | E23: an urban area?
D24: 2 | E24: a rural area?
D25: 3 | E25: DON`T KNOW
B27: 1.1 | C27: How many people live in your household? A household is formed by people who usually share their meals and also members that are temporarily working overseas or elsewhere in the country. Remember to include yourself, newborns, and elderly people.
F29: NUMBER | I29: CATI RANGE: MIN 1 MAX 30
C30: ="CATI VALIDATION: IF sample_type = 2 AND "&B27&" =1 BLOCKING MESSAGE There has to be more than one member in the household of a worker" -> CATI VALIDATION: IF sample_type = 2 AND 1.1 =1 BLOCKING MESSAGE There has to be more than one member in the household of a worker
C31: CATI: HABILITAR MAX 12 FILAS | T31: ="CATI: IF "&$K$32&" <= 5 GO TO "&T32 -> CATI: IF 1.19 <= 5 GO TO 1.21
C32: Member ID | D32: =B16+0.01 -> 1.17 | H32: =D32+0.01 -> 1.18 | K32: =H32+0.01 -> 1.19 | O32: =K32+0.01 -> 1.2 | T32: =O32+0.01 -> 1.21 | X32: =T32+0.01 -> 1.22
D33: Please tell me the full names of all household members. List the head of the household first, then the spouse or partner, their children and then all other household members. | H33: What is [NAME]'s gender? | K33: How old is [NAME]? | O33: What is [NAME]'s relationship to the household head? | T33: Which household member primarily cares for [NAME]? | X33: INTERVIEWER: REGISTER THE NAME OF THE RESPONDENT
K36: INTERVIEWER: RECORD AGE IN COMPLETE YEARS. WRITE 0 IF LESS THAN 1 YEAR. | T36: CATI: SHOW ONLY HOUSEHOLD MEMBERS WHO ARE 10 YEARS OLD OR OLDER AND …
O37: 1 | P37: HEAD
O38: 2 | P38: SPOUSE /PARTNER
O39: 3 | P39: BIOLOGICAL CHILD
O40: 4 | P40: ADOPTED CHILD / STEP-CHILD | X40: CATI: ONLY SHOW HOUSEHOLD MEMBERS WHO ARE 18 YEARS OLD OR OLDER
K41: INTERVIEWER: IF RESPONDENT HAS DIFFICULTY IN RECALLING AGE, USE A CALENDAR TO ASSIST. | O41: 5 | P41: SON / DAUGHTER-IN-LAW | T41: 87 | U41: BABYSITTTER IN THE HOUSEHOLD
O42: 6 | P42: PARENT | T42: 88 | U42: OTHER PEOPLE OUTSIDE THE HOUSEHOLD
O43: 7 | P43: PARENT-IN-LAW
O44: 8 | P44: GRANDPARENT
O45: 9 | P45: BROTHER/ SISTER
O46: 10 | P46: BROTHER-IN-LAW / SISTER-IN-LAW
O47: 11 | P47: GRANDCHILD
O48: 12 | P48: UNCLE / AUNT
H49: 1 | I49: MALE | O49: 13 | P49: COUSIN
H50: 2 | I50: FEMALE | O50: 14 | P50: OTHER RELATIVES (Specify)
O51: 15 | P51: NON-RELATIVES (Specify)
O52: 16 | P52: NEPHEW / NIECE
O53: ="CATI: IF "&O32&"0=1 SAVE [AGE_HEAD]="&K32 -> CATI: IF 1.20=1 SAVE [AGE_HEAD]=1.19
O54: ="CATI: IF "&O32&"0=1 SAVE [SEX_HEAD]="&H32 -> CATI: IF 1.20=1 SAVE [SEX_HEAD]=1.18
O55: ="CATI VALIDATION IF "&O32&"0=2 AND [SEX_HEAD]="&H32&" ALERT MESSAGE The spouse and the head of the household have the same gender?" -> CATI VALIDATION IF 1.20=2 AND [SEX_HEAD]=1.18 ALERT MESSAGE The spouse and the head of the household have the same gender?
O56: ="CATI VALIDATION: IF ("&O32&"0= 3) AND ([AGE_HEAD] - "&K32&" < 15) ALERT MESSAGE Check the age of the child of the head of the household" -> CATI VALIDATION: IF (1.20= 3) AND ([AGE_HEAD] - 1.19 < 15) ALERT MESSAGE Check the age of the child of the head of the household
O57: ="CATI VALIDATION: IF ("&O32&"0=6) AND ("&K32&" - [AGE_HEAD] < 15) ALERT MESSAGE Check the age of the parent of the head of the household" -> CATI VALIDATION: IF (1.20=6) AND (1.19 - [AGE_HEAD] < 15) ALERT MESSAGE Check the age of the parent of the head of the household
O58: ="CATI VALIDATION: IF ("&O32&"0 = 11) AND ([AGE_HEAD] - "&K32&" < 30) ALERT MESSAGE Check the age of the grandchild of the head of the household" -> CATI VALIDATION: IF (1.20 = 11) AND ([AGE_HEAD] - 1.19 < 30) ALERT MESSAGE Check the age of the grandchild of the head of the household
O59: ="CATI VALIDATION: IF ("&O32&"0 = 8) AND ("&K32&" - [AGE_HEAD] < 30) ALERT MESSAGE Check the age of the grandparent of the head of the household" -> CATI VALIDATION: IF (1.20 = 8) AND (1.19 - [AGE_HEAD] < 30) ALERT MESSAGE Check the age of the grandparent of the head of the household
O60: ="CATI VALIDATION: IF ID=1 AND "&O32&"0!=1 BLOCKING MESSAGE: The first person must be the head of the household" -> CATI VALIDATION: IF ID=1 AND 1.20!=1 BLOCKING MESSAGE: The first person must be the head of the household
O61: ="CATI VALIDATION: IF "&O$32&"0 =1 AND " &K32& "< 18 AÑOS BLOCKING MESSAGE: The household head must be 18 years of age or older, check the age" -> CATI VALIDATION: IF 1.20 =1 AND 1.19< 18 AÑOS BLOCKING MESSAGE: The household head must be 18 years of age or older, check the age
O62: CATI VALIDATION: IF 1.20 =2 AND 1.19 < 18 ALERT MESSAGE: The spouse should be an adult person, check the age of the SPOUSE /PARTNER
D63: NAME | F63: LAST NAME | O63: ="CATI VALIDATION: IF ID!=1 AND "&O32&"0=1 BLOCKING MESSAGE: There must be only one household head" -> CATI VALIDATION: IF ID!=1 AND 1.20=1 BLOCKING MESSAGE: There must be only one household head
C64: 01
C66: 02
C68: 03
C70: 04
C72: 05
C74: 06
C76: 07
C78: 08
C80: 09
C82: 10
D85: ="CATI: COUNT MEMBERS AGE 6 TO 14 YEARS OLD AND SAVE IN VARIABLE [NNA]" -> CATI: COUNT MEMBERS AGE 6 TO 14 YEARS OLD AND SAVE IN VARIABLE [NNA]

Sheet 2.Sociodem
C1: SECTION 2. SOCIODEMOGRAPHICS
AU2: =LOWER(AU17) | CU2: ="CATI: IF ("&AT4&"0=3 OR =4 OR "&BI4&"=3 OR =4 OR "&BX4&" = 3 OR = 4) AND "&AJ4&" =1 GOTO "&CU4&"0 OTHERWISE GO TO "&CZ4 -> CATI: IF (2.10=3 OR =4 OR 2.13=3 OR =4 OR 2.16 = 3 OR = 4) AND 2.08 =1 GOTO 2.20 OTHERWISE GO TO 2.21
D3: ="CATI: IF "&'1.HHroster'!K32&" >= 15 ASK "&D4&" TO "&X4&" OTHERWISE GO TO " & CZ4 -> CATI: IF 1.19 >= 15 ASK 2.01 TO 2.05 OTHERWISE GO TO 2.21 | P3: CATI: IF w_hcountry= 676 OR w_hcountry= 686 ASK THE FIRST QUESTION IF w_hcountry=678 ASK THE SECOND QUESTION | AC3: ="CATI: IF "&'1.HHroster'!K32&" >= 18 ASK "& AC4& " TO "&CU4 &"0 OTHERWISE GO TO "&CZ4 -> CATI: IF 1.19 >= 18 ASK 2.06 TO 2.20 OTHERWISE GO TO 2.21 | AU3: =LOWER(AU16)
C4: Member ID | D4: =2.01 -> 2.01 | J4: =D4+0.01 -> 2.02 | P4: =J4+0.01 -> 2.03 | T4: =P4+0.01 -> 2.04 | X4: =T4+0.01 -> 2.05 | AC4: =X4+0.01 -> 2.06 | AG4: =AC4+0.01 -> 2.07 | AJ4: =AG4+0.01 -> 2.08 | AN4: =AJ4+0.01 -> 2.09 | AT4: =AN4+0.01 -> 2.1 | BA4: =AT4+0.01 -> 2.11 | BE4: =BA4+0.01 -> 2.12 | BI4: =BE4+0.01 -> 2.13 | BP4: =BI4+0.01 -> 2.14 | BT4: =BP4+0.01 -> 2.15 | BX4: =BT4+0.01 -> 2.16 | CE4: =BX4+0.01 -> 2.17 | CI4: =CE4+0.01 -> 2.18 | CM4: =CI4+0.01 -> 2.19 | CU4: =CM4+0.01 -> 2.2 | CZ4: =CU4+0.01 -> 2.21
D5: What is [NAME]'s marital status? | J5: ="Is [NAME] currently living in ["&'1.HHroster'!B19&"]" -> Is [NAME] currently living in [1.16a] | P5: In what island is [NAME] currently living? | T5: In what country is [NAME] currently living ? | X5: During the last 12 months for how many months has [NAME] not lived in this dwelling? | AC5: In the last 5 years, has [NAME] lived in another village / area in [w_hcountry] for at least 1 year? | AG5: Is this village / area where [NAME] lived is… | AJ5: Has [NAME] ever lived overseas for at least 1 month? | AN5: In which country or countries has [NAME] ever lived for at least 1 month? | AT5: Has [NAME] ever applied to the Seasonal Worker Programme (SWP) to work in Australia? | BA5: When did [NAME] last leave for Australia? | BE5: In which year did [NAME] first work in the SWP? | BI5: Has [NAME] ever applied to the Pacific Labour Scheme (PLS) to work in Australia? | BP5: When did [NAME] last leave for Australia? | BT5: In which year did [NAME] first work in the PLS? | BX5: Has [NAME] ever applied to the Recognized Seasonal Employers (RSE) scheme to work in New Zealand? | CE5: When did [NAME] last leave for New Zealand? | CI5: In which year did [NAME] first work in the RSE? | CM5: Has [NAME] ever worked in any other migration program overseas? | CU5: Has [NAME] ever worked in Australia or New Zealand? | CZ5: Worker or returnee
BI7: INTERVIEWER: IF THE ANSWER IS YES, PROBE READING THE ANSWERS OPTIONS | BX7: INTERVIEWER: IF THE ANSWER IS YES, PROBE READING THE ANSWERS OPTIONS | CZ7: ="CATI: IF "&$AT$4&"0 =1 OR =2 OR "&$BI$4&" =1 OR =2 OR "&$BX$4&" =1 OR =2 SAVE ["&CZ$4&"]=1 OTHERWISE ["&CZ$4&"]=0" -> CATI: IF 2.10 =1 OR =2 OR 2.13 =1 OR =2 OR 2.16 =1 OR =2 SAVE [2.21]=1 OTHERWISE [2.21]=0
P8: In what province is [NAME] currently living? | BA8: INTERVIEWER: RECORD THE MONTH AND YEAR | BP8: INTERVIEWER: RECORD THE MONTH AND YEAR | CE8: INTERVIEWER: RECORD THE MONTH AND YEAR | CM8: INTERVIEWER: IF MORE THAN ONE PROGRAM, REFER TO THE MOST RECENT PROGRAM
J9: INTERIEWER: IF THE ANSWER IS NO PROBE WHETER THE PERSON LIVING IN THE COUNTRY OR ABROAD | X9: INTERVIEWER: IF NONE REGISTER ZERO (0) | AT9: INTERVIEWER: IF THE ANSWER IS YES, PROBE READING THE ANSWERS OPTIONS | BI9: ="CATI VALIDATION: "&AT4&"0 =1 AND "& BI4&" =1 BLOCKING MESSAGE: A person could only be in one program currently" -> CATI VALIDATION: 2.10 =1 AND 2.13 =1 BLOCKING MESSAGE: A person could only be in one program currently | BX9: ="CATI VALIDATION: "& BX4&" =1 AND ("&AT4&"0 =1 OR "& BI4& " =1) BLOCKING MESSAGE: A person could only be in one program currently" -> CATI VALIDATION: 2.16 =1 AND (2.10 =1 OR 2.13 =1) BLOCKING MESSAGE: A person could only be in one program currently
D11: ="CATI VALIDATION: IF "&'1.HHroster'!O32&"0=2 AND "&D4&"=1 OR =4 OR =5 ALERT MESSAGE The person is registered as the partner of the head of household check the marital status." -> CATI VALIDATION: IF 1.20=2 AND 2.01=1 OR =4 OR =5 ALERT MESSAGE The person is registered as the partner of the head of household check the marital status. | BE11: CATI RANGE: MIN 2012 MAX 2022 | BT11: CATI RANGE: MIN 2018 MAX 2022 | CI11: CATI RANGE: MIN 2007 MAX 2022
AJ12: ="CATI VALIDATION: IF "&J4&"=3 AND "&AJ4&"=2 ALERT MESSAGE The person lives abroad, probe if it was less than 1 month" -> CATI VALIDATION: IF 2.02=3 AND 2.08=2 ALERT MESSAGE The person lives abroad, probe if it was less than 1 month | CM12: =UPPER(CM9)
AG13: 1 | AH13: an urban area? | AT13: 1 | AU13: Yes, currently working in the SWP in Australia | BA13: CATI RANGE: MM MIN 1 MAX 12 | BI13: 1 | BJ13: Yes, currently working in the PLS in Australia | BP13: CATI RANGE: MM MIN 1 MAX 12 | BX13: 1 | BY13: Yes, currently working in the RSE in New Zealand | CE13: CATI RANGE: MM MIN 1 MAX 12
X14: CATI RANGE: MIN 0 MAX 12 | AG14: 2 | AH14: a rural area?
D15: 1 | E15: SINGLE (NEVER MARRIED) | J15: 1 | K15: YES | N15: >> | O15: =AC4 -> 2.06 | P15: CATI VALIDATION: 2.03=1.16a BLOCKING MESSAGE The Island has to be different from the current Island | T15: 1 | U15: AUSTRALIA | AG15: 3 | AH15: DON`T KNOW | AN15: a | AO15: AUSTRALIA | AT15: 2 | AU15: Yes, worked in SWP and returned | AY15: >> | AZ15: =BE4 -> 2.12 | BI15: 2 | BJ15: Yes, worked in PLS and returned | BN15: >> | BO15: =BT4 -> 2.15 | BX15: 2 | BY15: Yes, worked in RSE and returned | CC15: >> | CD15: =CI4 -> 2.18
D16: 2 | E16: LEGALLY MARRIED | J16: 2 | K16: NO, in another island / province in this country? | T16: 2 | U16: NEW ZEALAND | AN16: b | AO16: NEW ZEALAND | BA16: CATI RANGE: YYYY MIN 2012 MAX 2022 | BE16: ="CATI VALIDATION: "& BE4&" > " & BA4&" BLOCKING MESSAGE This year must be less than or equal to the year of arrival" -> CATI VALIDATION: 2.12 > 2.11 BLOCKING MESSAGE This year must be less than or equal to the year of arrival | BP16: CATI RANGE: YYYY MIN 2018 MAX 2022 | BT16: ="CATI VALIDATION: "& BT4&" > " & BP4&" BLOCKING MESSAGE This year must be less than or equal to the year of arrival" -> CATI VALIDATION: 2.15 > 2.14 BLOCKING MESSAGE This year must be less than or equal to the year of arrival | CE16: CATI RANGE: YYYY MIN 2007 MAX 2022 | CI16: ="CATI VALIDATION: "& CI4&" > " & CE4&" BLOCKING MESSAGE This year must be less than or equal to the year of arrival" -> CATI VALIDATION: 2.18 > 2.17 BLOCKING MESSAGE This year must be less than or equal to the year of arrival | CM16: 1 | CN16: YES, CURRENTLY WORKING | CR16: >> | CS16: 2.21
D17: 3 | E17: CUSTOMARY MARRIED, LIVE-IN, DE FACTO, ENGAGED | T17: 3 | U17: USA | AN17: c | AO17: USA | CM17: 2 | CN17: YES, WORKED AND RETURNED | CR17: >> | CS17: 2.21 | CU17: 1 | CV17: YES, ONLY IN AUSTRALIA
J18: 3 | K18: NO, in another country? | N18: >> | O18: =T4 -> 2.04 | T18: 4 | U18: FIJI | AN18: d | AO18: FIJI | AT18: 3 | AU18: Yes, applied but did not get a job placement | AY18: >> | AZ18: =BI4 -> 2.13 | BI18: 3 | BJ18: Yes, applied but did not get a job placement | BN18: >> | BO18: =BX4 -> 2.16 | BX18: 3 | BY18: Yes, applied but did not get a job placement | CC18: >> | CD18: =CM4 -> 2.19 | CM18: 3 | CN18: YES, APPLIED BUT DID NOT GET A JOB PLACEMENT | CU18: 2 | CV18: YES, ONLY IN NEW ZELAND
D19: 4 | E19: DIVORCED/SEPARATED | P19: ="CATI: GO TO "&X4 -> CATI: GO TO 2.05 | T19: 5 | U19: SAMOA | AC19: 1 | AD19: YES | AJ19: 1 | AK19: YES | AN19: e | AO19: SAMOA | CU19: 3 | CV19: YES, IN BOTH
D20: 5 | E20: WIDOWED | P20: CATI: LIST OF CODES | T20: 97 | U20: OTHER (Specify) | AC20: 2 | AD20: NO | AE20: >> | AF20: =AJ4 -> 2.08 | AJ20: 2 | AK20: NO | AL20: >> | AM20: =AT4 -> 2.1 | AN20: z | AO20: OTHER (Specify) | AT20: 4 | AU20: No, has never applied to the SWP | AY20: >> | AZ20: =BI4 -> 2.13 | BA20: MM | BC20: YYYY | BI20: 4 | BJ20: No, has never applied to the PLS | BN20: >> | BO20: =BX4 -> 2.16 | BP20: MM | BR20: YYYY | BX20: 4 | BY20: No, has never applied to the RSE | CC20: >> | CD20: =CM4 -> 2.19 | CE20: MM | CG20: YYYY | CM20: 4 | CN20: NO, HAS NEVER APPLIED | CU20: 4 | CV20: NO
C21: 01
C23: 02
C25: 03
C27: 04
C29: 05
C31: 06
C33: 07
C35: 08
C37: 09
C39: 10
D41: DB_EDITING: SEGÚN EL RESULTADO DE 2.10 2.13 Y 2.16 ASIGNAR EL VALOR EN 1.06a , b y c RESPECTIVAMENTE.
D42: ="CATI: IF "&$AT$4&"0!=1 AND "&$BI$4&"!=1 AND "&$BX$4&"!=1 AND "&'1.HHroster'!O32&"0=1 SAVE" -> CATI: IF 2.10!=1 AND 2.13!=1 AND 2.16!=1 AND 1.20=1 SAVE | P42: SELECCIONA AL JH PARA EMPLEO SI NO ES WORKER
D43: [ID_EMP_1]=ID
D44: [NAME_EMP_1]=NAME
D46: ="CATI: RANDOMLY SELECT ONE PERSON "&$AT$4&"0!=1 AND "&$BI$4&"!=1 AND "&$BX$4&"!=1 AND "&$CM$4&"!=1 AND "&'1.HHroster'!O32&"0 != 1 SAVE" -> CATI: RANDOMLY SELECT ONE PERSON 2.10!=1 AND 2.13!=1 AND 2.16!=1 AND 2.19!=1 AND 1.20 != 1 SAVE
D47: [ID_EMP_2]=ID | P47: SELECCIONA OTRO MIEMBRO NO WORKER Y NO ES JH
D48: [NAME_EMP_2]=NAME
D50: ="CATI: COUNT MEMBERS WHO HAS ("&$AT$4&"0 < 3 OR "&$BI$4&" < 3 OR "&$BX$4&" < 3) SAVE [MIGRA]" -> CATI: COUNT MEMBERS WHO HAS (2.10 < 3 OR 2.13 < 3 OR 2.16 < 3) SAVE [MIGRA]
D52: ="CATI: IF THERE ARE ANY MEMBER WHO HAS ("&$AT$4&"0 < 3) SAVE [SWP]=1 OTHERWISE [SWP]=0" -> CATI: IF THERE ARE ANY MEMBER WHO HAS (2.10 < 3) SAVE [SWP]=1 OTHERWISE [SWP]=0
D54: ="CATI: IF THERE ARE ANY MEMBER WHO HAS ("&$BI$4&" < 3 ) SAVE [PLS]=1 OTHERWISE [PLS]=0" -> CATI: IF THERE ARE ANY MEMBER WHO HAS (2.13 < 3 ) SAVE [PLS]=1 OTHERWISE [PLS]=0
D56: ="CATI: IF THERE ARE ANY MEMBER WHO HAS ("&$BX$4&" < 3) SAVE [RSE]=1 OTHERWISE [RSE]=0" -> CATI: IF THERE ARE ANY MEMBER WHO HAS (2.16 < 3) SAVE [RSE]=1 OTHERWISE [RSE]=0
D58: ="CATI: IF THERE ANY MEMBERS WHO HAS "&CZ4&"= 0 AND ("&$AT$4&"0 = 4 OR "&$BI$4&" = 4 OR "&$BX$4&" = 4) SAVE [NAP]=1 OTHERWISE [NAP]=0" -> CATI: IF THERE ANY MEMBERS WHO HAS 2.21= 0 AND (2.10 = 4 OR 2.13 = 4 OR 2.16 = 4) SAVE [NAP]=1 OTHERWISE [NAP]=0 | X58: ALGUN MIEMBRO DEL HOGAR NO MIGRA TIENE 4 EN ALGUNA DE LAS TRES PREGUNTAS
D59: ="CATI: SI LA SUMA DE "&CZ4&" PARA TODOS LOS MIEMBROS ES = 0 SAVE [H_NMIGRA]=1 OTHERWISE [H_NMIGRA]=0" -> CATI: SI LA SUMA DE 2.21 PARA TODOS LOS MIEMBROS ES = 0 SAVE [H_NMIGRA]=1 OTHERWISE [H_NMIGRA]=0 | X59: EN EL HOGAR NO HAY WORKER NI RETORNADO
D61: ="CATI: IF THERE ARE ANY MEMBER WHO HAS "&CZ4&"= 0 AND "&$AT$4&"0 = 3 SAVE [NJ_SWP]=1 OTHERWISE [NJ_SWP]=0" -> CATI: IF THERE ARE ANY MEMBER WHO HAS 2.21= 0 AND 2.10 = 3 SAVE [NJ_SWP]=1 OTHERWISE [NJ_SWP]=0 | U61: APLICÓ Y NO LE DIERON EL TRABAJO DE HOGAR NO MIGRA
D63: ="CATI: IF THERE ARE ANY MEMBER WHO HAS "&CZ4&"= 0 AND "&$BI$4&" = 3 SAVE [NJ_PLS]=1 OTHERWISE [NJ_PLS]=0" -> CATI: IF THERE ARE ANY MEMBER WHO HAS 2.21= 0 AND 2.13 = 3 SAVE [NJ_PLS]=1 OTHERWISE [NJ_PLS]=0 | U63: APLICÓ Y NO LE DIERON EL TRABAJO DE HOGAR NO MIGRA
D65: ="CATI: IF THERE ARE ANY MEMBER WHO HAS "&CZ4&"= 0 AND "&$BX$4&" = 3 SAVE [NJ_RSE]=1 OTHERWISE [NJ_RSE]=0" -> CATI: IF THERE ARE ANY MEMBER WHO HAS 2.21= 0 AND 2.16 = 3 SAVE [NJ_RSE]=1 OTHERWISE [NJ_RSE]=0 | U65: APLICÓ Y NO LE DIERON EL TRABAJO DE HOGAR NO MIGRA
D67: ="CATI: IF THERE ARE ANY MEMBER WHO IS ("&'1.HHroster'!H32&"= 2) AND ("&$AT$4&"0 < 3 OR "&$BI$4&" < 3 OR "&$BX$4&" < 3) SAVE [FEM]=1 OTHERWISE [FEM]=0" -> CATI: IF THERE ARE ANY MEMBER WHO IS (1.18= 2) AND (2.10 < 3 OR 2.13 < 3 OR 2.16 < 3) SAVE [FEM]=1 OTHERWISE [FEM]=0 | W67: FEMALE WORKER OR RETURNED
D69: ="CATI: IF THERE ARE ANY MEMBER WHO IS ("&'1.HHroster'!H32&"= 1) AND ("&$AT$4&"0 < 3 OR "&$BI$4&" < 3 OR "&$BX$4&" < 3) SAVE [MALE]=1 OTHERWISE [MALE]=0" -> CATI: IF THERE ARE ANY MEMBER WHO IS (1.18= 1) AND (2.10 < 3 OR 2.13 < 3 OR 2.16 < 3) SAVE [MALE]=1 OTHERWISE [MALE]=0 | W69: MALE WORKER OR RETURNED

Sheet 3.Educ
C1: SECTION 3. EDUCATION | W1: ="CATI: IF w_hcountry=676 AND "&'1.HHroster'!$K$32& " >=10 GO TO "&W4&" OTHERWISE GO TO "&AE4 -> CATI: IF w_hcountry=676 AND 1.19 >=10 GO TO 3.05 OTHERWISE GO TO 3.07 | AE1: ="CATI: IF w_hcountry=678 AND "&'1.HHroster'!$K$32& " >=10 GO TO "&AE4&" OTHERWISE GO TO "&AM4 -> CATI: IF w_hcountry=678 AND 1.19 >=10 GO TO 3.07 OTHERWISE GO TO 3.09 | AM1: ="CATI: IF w_hcountry=678 AND "&'1.HHroster'!$K$32& " >=10 GO TO "&AM4&" OTHERWISE GO TO "&AU4 -> CATI: IF w_hcountry=678 AND 1.19 >=10 GO TO 3.09 OTHERWISE GO TO 3.11 | AU1: ="CATI: IF w_hcountry=686 AND "&'1.HHroster'!$K$32& " >=10 GO TO "&AU4&" OTHERWISE GO TO "&BC4 -> CATI: IF w_hcountry=686 AND 1.19 >=10 GO TO 3.11 OTHERWISE GO TO 3.13 | BC1: ="CATI: IF "&'1.HHroster'!$K$32& " >=10 GO TO "&BC4&" OTHERWISE GO TO NEXT SECTION" -> CATI: IF 1.19 >=10 GO TO 3.13 OTHERWISE GO TO NEXT SECTION
D3: ="CATI: IF "&'1.HHroster'!K32&" >= 4 GO TO "&D4&" OTHERWISE GO TO THE NEXT SECTION" -> CATI: IF 1.19 >= 4 GO TO 3.01 OTHERWISE GO TO THE NEXT SECTION
C4: Member ID | D4: 3.01 | I4: =D4+0.01 -> 3.02 | M4: =I4+0.01 -> 3.03 | R4: =M4+0.01 -> 3.04 | W4: =R4+0.01 -> 3.05 | AA4: =W4+0.01 -> 3.06 | AE4: =AA4+0.01 -> 3.07 | AI4: =AE4+0.01 -> 3.08 | AM4: =AI4+0.01 -> 3.09 | AQ4: =AM4+0.01 -> 3.1 | AU4: =AQ4+0.01 -> 3.11 | AY4: =AU4+0.01 -> 3.12 | BC4: =AY4+0.01 -> 3.13 | BG4: =BC4+0.01 -> 3.14
D5: Has [NAME] ever attended school or any educational institution? | I5: Is [NAME] currently enrolled in school or an educational institution? | M5: What grade is [NAME] currently enrolled in? | R5: What is the highest level of education has [NAME] completed? | W5: Can [NAME] read a letter or document with understanding in Tongan? | AA5: Can [NAME] write a few sentences in Tongan? | AE5: Can [NAME] read a letter or document with understanding in Bislama? | AI5: Can [NAME] write a few sentences in Bislama? | AM5: Can [NAME] read a letter or document with understanding in French? | AQ5: Can [NAME] write a few sentences in French? | AU5: Can [NAME] read a letter or document with understanding in Gilbertese? | AY5: Can [NAME] write a few sentences in Gilbertese? | BC5: Can [NAME] read a letter or document with understanding in English? | BG5: Can [NAME] write a few sentences in English?
M9: 0 | N9: PRE-PRIMARY (KINDERGARTEN, OTHER PRE-SCHOOL) | P9: >> | Q9: =W4 -> 3.05 | R9: 0 | S9: PRE-PRIMARY (KINDERGARTEN, OTHER PRE-SCHOOL) | AU9: ="CATI: IF "&$M$4&">8 OR "&$R$4&" >8 ASSIGN "&AU4&"=1" -> CATI: IF 3.03>8 OR 3.04 >8 ASSIGN 3.11=1 | AY9: ="CATI: IF "&$M$4&">8 OR "&$R$4&" >8 ASSIGN "&AY4&"=1" -> CATI: IF 3.03>8 OR 3.04 >8 ASSIGN 3.12=1
M10: 1 | N10: GRADE 1 | P10: >> | Q10: =Q9 -> 3.05 | R10: 1 | S10: GRADE 1
M11: 2 | N11: GRADE 2 | P11: >> | Q11: =Q10 -> 3.05 | R11: 2 | S11: GRADE 2
M12: 3 | N12: GRADE 3 | P12: >> | Q12: =Q11 -> 3.05 | R12: 3 | S12: GRADE 3
M13: 4 | N13: GRADE 4 | P13: >> | Q13: =Q12 -> 3.05 | R13: 4 | S13: GRADE 4
M14: 5 | N14: GRADE 5 | P14: >> | Q14: =Q13 -> 3.05 | R14: 5 | S14: GRADE 5
M15: 6 | N15: GRADE 6 | P15: >> | Q15: =Q14 -> 3.05 | R15: 6 | S15: GRADE 6
M16: 7 | N16: GRADE 7 | P16: >> | Q16: =Q15 -> 3.05 | R16: 7 | S16: GRADE 7
M17: 8 | N17: GRADE 8 | P17: >> | Q17: =Q16 -> 3.05 | R17: 8 | S17: GRADE 8
M18: 9 | N18: YEAR 9 | P18: >> | Q18: =V18 -> 3.09 | R18: 9 | S18: YEAR 9 | U18: >> | V18: =AM4 -> 3.09 | AA18: ="CATI: GO TO "&$BC$4 -> CATI: GO TO 3.13 | AQ18: ="CATI: GO TO "&$BC$4 -> CATI: GO TO 3.13
M19: 10 | N19: YEAR 10 | P19: >> | Q19: =Q18 -> 3.09 | R19: 10 | S19: YEAR 10 | U19: >> | V19: =V18 -> 3.09
M20: 11 | N20: YEAR 11 | P20: >> | Q20: =Q19 -> 3.09 | R20: 11 | S20: YEAR 11 | U20: >> | V20: =V19 -> 3.09
M21: 12 | N21: YEAR 12 | P21: >> | Q21: =Q20 -> 3.09 | R21: 12 | S21: YEAR 12 | U21: >> | V21: =V20 -> 3.09
M22: 13 | N22: YEAR 13 | P22: >> | Q22: =Q21 -> 3.09 | R22: 13 | S22: YEAR 13 | U22: >> | V22: =V21 -> 3.09
M23: 14 | N23: YEAR 14 | P23: >> | Q23: =Q22 -> 3.09 | R23: 14 | S23: YEAR 14 | U23: >> | V23: =V22 -> 3.09
M24: 15 | N24: DIPLOMA | P24: >> | Q24: =Q23 -> 3.09 | R24: 15 | S24: DIPLOMA | U24: >> | V24: =V23 -> 3.09
M25: 16 | N25: TRADE CERTIFICATE | P25: >> | Q25: =Q24 -> 3.09 | R25: 16 | S25: TRADE CERTIFICATE | U25: >> | V25: =V24 -> 3.09
D26: 1 | E26: YES | M26: 17 | N26: UNDERGRADUATE (BA,BSC,BLLS,BMSS) | P26: >> | Q26: =Q25 -> 3.09 | R26: 17 | S26: UNDERGRADUATE (BA,BSC,BLLS,BMSS) | U26: >> | V26: =V25 -> 3.09
D27: 2 | E27: NO | G27: >> | H27: =W4 -> 3.05 | I27: 1 | J27: YES | M27: 18 | N27: POST-GRADUATE (MA, MSC, PHD) | P27: >> | Q27: =Q26 -> 3.09 | R27: 18 | S27: POST-GRADUATE (MA, MSC, PHD) | U27: >> | V27: =V26 -> 3.09 | W27: 1 | X27: YES | AA27: 1 | AB27: YES | AE27: 1 | AF27: YES | AI27: 1 | AJ27: YES | AM27: 1 | AN27: YES | AQ27: 1 | AR27: YES | AU27: 1 | AV27: YES | AY27: 1 | BA27: YES | BC27: 1 | BE27: YES | BG27: 1 | BI27: YES
D28: 98 | E28: DON`T KNOW | G28: >> | H28: =W4 -> 3.05 | I28: 2 | J28: NO | K28: >> | L28: =R4 -> 3.04 | W28: 2 | X28: NO | AA28: 2 | AB28: NO | AE28: 2 | AF28: NO | AI28: 2 | AJ28: NO | AM28: 2 | AN28: NO | AQ28: 2 | AR28: NO | AU28: 2 | AV28: NO | AY28: 2 | BA28: NO | BC28: 2 | BE28: NO | BG28: 2 | BI28: NO
C29: 01 | M29: ="CATI VALIDATION: IF "&'1.HHroster'!K32&"<10 AND "&M4&" > 5 BLOCKING MESSAGE Review the level of education, the member is not old enough for this level of education" -> CATI VALIDATION: IF 1.19<10 AND 3.03 > 5 BLOCKING MESSAGE Review the level of education, the member is not old enough for this level of education | R29: ="CATI VALIDATION: IF "&'1.HHroster'!K32&"<10 AND "&R4&" > 5 BLOCKING MESSAGE Review the level of education, the member is not old enough for this level of education" -> CATI VALIDATION: IF 1.19<10 AND 3.04 > 5 BLOCKING MESSAGE Review the level of education, the member is not old enough for this level of education
M30: ="CATI VALIDATION: IF "&'1.HHroster'!K32&"<16 AND "&M4&" > 12 BLOCKING MESSAGE Review the level of education, the member is not old enough for this level of education" -> CATI VALIDATION: IF 1.19<16 AND 3.03 > 12 BLOCKING MESSAGE Review the level of education, the member is not old enough for this level of education | R30: ="CATI VALIDATION: IF "&'1.HHroster'!K32&"<16 AND "&R4&" > 12 BLOCKING MESSAGE Review the level of education, the member is not old enough for this level of education" -> CATI VALIDATION: IF 1.19<16 AND 3.04 > 12 BLOCKING MESSAGE Review the level of education, the member is not old enough for this level of education
C31: 02 | M31: ="CATI VALIDATION: IF "&'1.HHroster'!K34&"<20 AND "&M4&" > 16 BLOCKING MESSAGE Review the level of education, the member is not old enough for this level of education" -> CATI VALIDATION: IF <20 AND 3.03 > 16 BLOCKING MESSAGE Review the level of education, the member is not old enough for this level of education | R31: ="CATI VALIDATION: IF "&'1.HHroster'!K32&"<20 AND "&R4&" > 16 BLOCKING MESSAGE Review the level of education, the member is not old enough for this level of education" -> CATI VALIDATION: IF 1.19<20 AND 3.04 > 16 BLOCKING MESSAGE Review the level of education, the member is not old enough for this level of education
M32: ="CATI VALIDATION: IF "&'1.HHroster'!K34&"<13 AND "&M4&" > 8 BLOCKING MESSAGE Review the level of education, the member is not old enough for this level of education" -> CATI VALIDATION: IF <13 AND 3.03 > 8 BLOCKING MESSAGE Review the level of education, the member is not old enough for this level of education | R32: ="CATI VALIDATION: IF "&'1.HHroster'!K32&"<13 AND "&R4&" > 8 BLOCKING MESSAGE Review the level of education, the member is not old enough for this level of education" -> CATI VALIDATION: IF 1.19<13 AND 3.04 > 8 BLOCKING MESSAGE Review the level of education, the member is not old enough for this level of education
C33: 03
C35: 04
C37: 05
C39: 06
C41: 07
C43: 08
C45: 09
C47: 10

Sheet 4.Children
C1: SECTION 4 CHILDREN
C3: ="CATI: IF NNA > 0 GO TO "&B4&" OTHERWISE GO TO NEXT SECTION" -> CATI: IF NNA > 0 GO TO 4.01 OTHERWISE GO TO NEXT SECTION
B4: 4.01 | C4: During the past 7 days, did any children from 6 to 14 years of age helped with household chores or helped caring for household members such as children, elderly or sick?
D6: 1 | E6: YES
D7: 2 | E7: NO
B9: =B4+0.01 -> 4.02 | C9: During the past 7 days, did any children from 6 to 14 years of age do any kind of work for somebody who is not a member of this household?
D10: 1 | E10: YES
D11: 2 | E11: NO
B13: =B9+0.01 -> 4.03 | C13: During the past 7 days, did any children from 6 to 14 years of age do any paid or unpaid work in a family agricultural business or in a family non-agricultural business, or any other work on his / her own?
D15: 1 | E15: YES
D16: 2 | E16: NO

Sheet 5.Labor
A1: MODULE 5: LABOR
AL3: ="CATI: IF "&W5&" = 4 GO TO "&AL5&" OTHERWISE GO TO "&AS5 -> CATI: IF 5.06 = 4 GO TO 5.08 OTHERWISE GO TO 5.09 | BP3: ="CATI: "&BM5&"0 < 35 GO TO "&BP5&" OTHERWISE GO TO "&BS5 -> CATI: 5.10 < 35 GO TO 5.11 OTHERWISE GO TO 5.12
B4: ="CATI: IF "&'1.HHroster'!K32&">=15 GO TO "&B5&" OTHERWISE NEXT MEMBER" -> CATI: IF 1.19>=15 GO TO 5.01 OTHERWISE NEXT MEMBER | R4: ="CATI: IF ID=ID_EMP_1=1 OR ID=ID_EMP_2 GO TO "&R5&" OTHERWISE NEXT MEMBER" -> CATI: IF ID=ID_EMP_1=1 OR ID=ID_EMP_2 GO TO 5.05 OTHERWISE NEXT MEMBER | AD4: DB | AS4: EU | BT4: DB
A5: Member ID | B5: =5.01 -> 5.01 | F5: =B5+0.01 -> 5.02 | J5: =F5+0.01 -> 5.03 | N5: =J5+0.01 -> 5.04 | R5: =N5+0.01 -> 5.05 | W5: =R5+0.01 -> 5.06 | AD5: =W5+0.01 -> 5.07 | AL5: =AD5+0.01 -> 5.08 | AS5: =AL5+0.01 -> 5.09 | BM5: =AS5+0.01 -> 5.1 | BP5: =BM5+0.01 -> 5.11 | BS5: =BP5+0.01 -> 5.12 | CA5: =BS5+0.01 -> 5.13 | CH5: =CA5+0.01 -> 5.14 | CL5: =CH5+0.01 -> 5.15
B6: In the last 7 days, did [NAME] do any work for wage, salary or profit for at least 1 hour? Do not count household chores. | F6: In the last 7 days, did [NAME] do any work without getting paid but for family gain or profit for at least 1 hour? This can be in a family agricultural or non-agricultural activity. | J6: Did [NAME] have a job or an enterprise such as a shop, agricultural or non-agricultural business from which is temporarily absent and will return soon? | N6: Does [NAME] currently have more than one job for paid profit or family gain? | R6: In the last 7 days, what was [NAME]'s main occupation? | W6: ="What is [NAME]'s employment status as ["& R5 & "]?" -> What is [NAME]'s employment status as [5.05]? | AD6: What is [NAME]'s occupation? | AL6: ="The contract [NAME] has as [" &R5&"] is a…" -> The contract [NAME] has as [5.05] is a… | AS6: What is the main activity of the business or organization in which [NAME] works, for example agriculture, transport, education, etc? | BM6: How many hours did [NAME] actually work in the last 7 days, considering all [NAME]'s jobs? | BP6: Would [NAME] like to work more hours? | BS6: How much did [NAME] earn last month from wages, salaries, commissions, and non-agricultural business income, before taxes and other deductions? | CA6: What was the main reason why [NAME] did not work in the last 7 days? | CH6: Has [NAME] been looking for work in any way in the past 30 days? | CL6: If [NAME] had been offered a job choice or had an opportunity to work in the past 7 days, would [NAME] have been available to start working within 2 weeks?
R9: INTERVIEWER: REGISTER FIRST THE EMPLOYMENT STATUS AND THE MAIN OCCUPATION
BS10: INTERVIEWER: INCLUDE INCOMES FROM ALL JOBS AND / OR BUSINESSES
AS11: 1 | AT11: AGRICULTURE, FORESTRY AND FISHING | BD11: 13 | BE11: PROFESSIONAL, SCIENTIFIC AND TECHNICAL ACTIVITIES
R12: CATI: STRING 150 CHARACTERS | AS12: 2 | AT12: MINING AND QUARRYING | BD12: 14 | BE12: ADMINISTRATIVE AND SUPPORT SERVICE ACTIVITIES | CA12: 1 | CB12: HOUSEHOLD / FAMILY DUTIES
AS13: 3 | AT13: MANUFACTURING | BD13: 15 | BE13: PUBLIC ADMINISTRATION AND DEFENCE; COMPULSORY SOCIAL SECURITY | CA13: 2 | CB13: STUDENT AND DO NOT WORK
R14: ="CATI VALIDATION: IF "&R5&" HAS ONLY ONE WORD. BLOCK MESSAGE: ''Not enough information, complete the occupation, where and for whom works''" -> CATI VALIDATION: IF 5.05 HAS ONLY ONE WORD. BLOCK MESSAGE: ''Not enough information, complete the occupation, where and for whom works'' | AD14: 0 | AE14: ARMED FORCES OCCUPATIONS | AS14: 4 | AT14: ELECTRICITY, GAS, STEAM AND AIR CONDITIONING SUPPLY | CA14: 3 | CB14: RETIRED
AD15: 1 | AE15: MANAGERS, SENIOR OFFICIALS AND LEGISLATORS | AS15: 5 | AT15: WATER SUPPLY, SEWERAGE, WASTE MANAGEMENT AND REMEDIATION ACTIVITIES | BD15: 16 | BE15: EDUCATION | CA15: 4 | CB15: NO WORK AVAILABLE
AD16: 2 | AE16: PROFESSIONALS | BD16: 17 | BE16: HUMAN HEALTH AND SOCIAL WORK ACTIVITIES | BM16: INTERVIEWER: IF MORE THAN ONE CURRENT JOB, INCLUDE ALL HOURS AT ALL JOBS | CA16: 5 | CB16: CANNOT FIND A JOB
AD17: 3 | AE17: TECHNICIANS AND ASSOCIATE PROFESSIONALS | AS17: 6 | AT17: CONSTRUCTION | BD17: 18 | BE17: ARTS, ENTERTAINMENT AND RECREATION | CA17: 6 | CB17: SEASONAL INACTIVITY | CK17: 30d
AD18: 4 | AE18: CLERKS | AS18: 7 | AT18: WHOLESALE AND RETAIL TRADE; REPAIR OF MOTOR VEHICLES AND MOTORCYCLES | BD18: 19 | BE18: OTHER SERVICE ACTIVITIES | BS18: CATI RANGE: MIN 10 MAX 100.000.000, NON RESPONSE -1 | CA18: 7 | CB18: DISABLED
R19: ="CATI VALIDATION: IF "&R5&" HAS LESS THAN 5 CHARACTERS, HAS ANY NUMBER OR IS HOUSEWIFE, STUDENT OR RETIRED. BLOCK MESSAGE: ''This occupation is not valid, inquire and register correctly''" -> CATI VALIDATION: IF 5.05 HAS LESS THAN 5 CHARACTERS, HAS ANY NUMBER OR IS HOUSEWIFE, STUDENT OR RETIRED. BLOCK MESSAGE: ''This occupation is not valid, inquire and register correctly'' | W19: 1 | X19: EMPLOYER (WITH EMPLOYEES) | AD19: 5 | AE19: SERVICE AND SALES WORKERS | AS19: 8 | AT19: TRANSPORTATION AND STORAGE | BD19: 20 | BE19: ACTIVITIES OF HOUSEHOLDS AS EMPLOYERS; UNDIFFERENTIATED GOODS- AND SERVICES - PRODUCING ACTIVITIES OF HOUSEHOLDS FOR OWN USE | BT19: CATI: GO TO NEXT SECTION | CA19: 8 | CB19: DID NOT WANT TO WORK
W20: 2 | X20: SELF-EMPLOYED (WITH NO EMPLOYEES) | AD20: 6 | AE20: SKILLED AGRICULTURAL, FISHERY, AND FORESTRY WORKERS | AS20: 9 | AT20: RESTAURANTS/BARS/HOTELS/TOURISM | CA20: 9 | CB20: SICK
W21: 3 | X21: CONTRIBUTING FAMILY WORKER | AD21: 7 | AE21: CRAFT AND RELATED TRADES WORKERS | AL21: 1 | AM21: written contract for no specified time? | AS21: 10 | AT21: INFORMATION AND COMMUNICATION | BM21: CATI RANGE: MIN 1 MAX 140 | CA21: 10 | CB21: HOLIDAY / REST
B22: 1 | C22: YES | D22: >> | E22: =N5 -> 5.04 | F22: 1 | G22: YES | H22: >> | I22: =N5 -> 5.04 | J22: 1 | K22: YES | N22: 1 | O22: YES | W22: 4 | X22: PAID EMPLOYEE | AD22: 8 | AE22: PLANT AND MACHINE OPERATORS AND ASSEMBLERS | AL22: 2 | AM22: written contract for limited time? | AS22: 11 | AT22: FINANCIAL AND INSURANCE ACTIVITIES | BD22: 21 | BE22: ACTIVITIES OF EXTRATERRITORIAL ORGANISATIONS AND BODIES | BP22: 1 | BQ22: YES | CA22: 11 | CB22: OLDER ADULT / AGE | CH22: 1 | CI22: YES | CL22: 1 | CM22: YES
B23: 2 | C23: NO | F23: 2 | G23: NO | J23: 2 | K23: NO | L23: >> | M23: =CA5 -> 5.13 | N23: 2 | O23: NO | AD23: 9 | AE23: ELEMENTARY OCCUPATIONS | AL23: 3 | AM23: NO CONTRACT | AS23: 12 | AT23: REAL ESTATE ACTIVITIES | BM23: HOURS | BP23: 2 | BQ23: NO | BS23: AMOUNT | BX23: [currency] | CA23: 97 | CB23: OTHER (Specify) | CH23: 2 | CI23: NO | CJ23: >> | CK23: SECTION | CL23: 2 | CM23: NO
A24: 1 | CA24: ="CATI VALIDATION: "&'1.HHroster'!K32&" > 30 AND "&CA5&"=2 ALERT MESSAGE The person is 30 years old or older, check if the main reason was because the person is student" -> CATI VALIDATION: 1.19 > 30 AND 5.13=2 ALERT MESSAGE The person is 30 years old or older, check if the main reason was because the person is student
A25: 2 | CA25: ="CATI VALIDATION: "&'1.HHroster'!K32&" < 50 AND "&CA5&"=3 ALERT MESSAGE The person is Retired being less than 50 years old, check the answer " -> CATI VALIDATION: 1.19 < 50 AND 5.13=3 ALERT MESSAGE The person is Retired being less than 50 years old, check the answer
A26: 3
A27: 4
A28: 5
A29: 6
A30: 7
A31: 8

Sheet 6.Nonwork income
B1: 6 | C1: SECTION 6. NONWORK HOUSEHOLD INCOME
C3: =B1+0.01 -> 6.01 | D3: How much did you and your household members receive in the last month from pensions?
D4: INTERVIEWER: IF NONE WRITE 0 (ZERO), NON RESPONSE -1
F5: AMOUNT | J5: [currency] | L5: CATI RANGE: MIN 0 MAX 1.000.000, IF NON RESPONSE -1
C7: =C3+0.01 -> 6.02 | D7: How much did you and your household members received in total in the last month from all kind of government assistance?
D8: INTERVIEWER: IF NONE WRITE 0 (ZERO), NON RESPONSE -1
F9: AMOUNT | J9: [currency] | L9: CATI RANGE: MIN 0 MAX 1.000.000, IF NON RESPONSE -1
D11: AGRICULTURE
C12: =6.04 -> 6.04 | D12: Last month, did you or any household member sell crops or agricultural products?
E13: 1 | F13: YES
E14: 2 | F14: NO | I14: >> | J14: =C21 -> 6.06
C16: =C12+0.01 -> 6.05 | D16: In the last 12 months, what was your household income for the selling of crops or agricultural products after paying for expenses such as fertilizer, seeds, or hired labor?
F18: AMOUNT | J18: [currency] | L18: CATI RANGE: MIN 0 MAX 10.000.000, IF NON RESPONSE -1
D20: LIVESTOCK
C21: =C16+0.01 -> 6.06 | D21: Last month, did you or any household member sell livestock or poultry?
E22: 1 | F22: YES
E23: 2 | F23: NO | I23: >> | J23: =C30 -> 6.08
C25: =C21+0.01 -> 6.07 | D25: In the last 12 months, what was your household income for the selling of livestock or poultry after paying for expenses such as animal feed, veterinary service, etc.?
F27: AMOUNT | J27: [currency] | L27: CATI RANGE: MIN 0 MAX 10.000.000, IF NON RESPONSE -1
D29: HANDICRAFT
C30: =C25+0.01 -> 6.08 | D30: Last month, do you or any household member, produce handicrafts or mats intended mainly for sale?
E31: 1 | F31: YES
E32: 2 | F32: NO | I32: >> | J32: =C38 -> 6.1
C34: =C30+0.01 -> 6.09 | D34: In the last month, what was your household income for the selling of handicrafts or mats after paying for expenses such as hired labor?
F35: AMOUNT | J35: [currency] | L35: CATI RANGE: MIN 0 MAX 10.000.000, IF NON RESPONSE -1
D37: FISHING
C38: =C34+0.01 -> 6.1 | D38: Last month, did you or any household member sell fish?
E39: 1 | F39: YES
E40: 2 | F40: NO | I40: >> | J40: SECTION
C42: =C38+0.01 -> 6.11 | D42: In the last 12 months, what was your household income for the selling of fish after paying for expenses such as petrol?
F44: AMOUNT | J44: [currency] | L44: CATI RANGE: MIN 0 MAX 10.000.000, IF NON RESPONSE -1

Sheet 7.Expenditures
B1: SECTION 7. HOUSEHOLD EXPENDITURE AND CONSUMPTION
B2: Now, please think about the expenditures of this household.
A4: 7.01 | B4: How much does your household spend in a normal week on groceries, food and drinks consumed (include alcoholic drinks)
M5: AMOUNT | Q5: [currency]
B6: INTERVIEWER: IF NONE WRITE 0 (ZERO)
B7: INTERVIEWER: IF DON'T KNOW, REGISTER -1 | L7: CATI RANGE: MIN 0 MAX 10.000.000, NON RESPONSE -1
A8: 7.02 | B8: How much did your household spend last month on:
B9: INTERVIEWER: IF NONE WRITE 0 (ZERO)
B10: INTERVIEWER: IF DON'T KNOW, REGISTER -1
B11: a | C11: Housing (rent, taxes, maintenance, water bills) | M11: AMOUNT | Q11: [currency]
B12: c | C12: Household fuel and light (electricity, wood, gas, matches, candles) | M12: AMOUNT | Q12: [currency]
B13: e | C13: Raw materials for production | M13: AMOUNT | Q13: [currency]
B14: f | C14: Health expenses (health insurance, doctors, hospital fees) | M14: AMOUNT | Q14: [currency]
B15: g | C15: Vehicle expenses (petrol, diesel, repairs) | M15: AMOUNT | Q15: [currency]
B16: h | C16: Communication (telephone, cell phones, internet) | M16: AMOUNT | Q16: [currency]
B17: i | C17: Community obligations (church, village) | M17: AMOUNT | Q17: [currency]
B18: ="CATI VALIDATION: IF "&A8&" a+c+e+f+g+h+i=0 BLOCKING MESSAGE: The amount for all expenses in a household cannot be 0" -> CATI VALIDATION: IF 7.02 a+c+e+f+g+h+i=0 BLOCKING MESSAGE: The amount for all expenses in a household cannot be 0
L19: CATI RANGE: MIN 0 MAX 10.000.000, NON RESPONSE -1
A20: 7.03 | B20: Over the past 12 months, how much did your household spend on:
B21: INTERVIEWER: IF NONE WRITE 0 (ZERO)
B22: INTERVIEWER: IF DON'T KNOW, REGISTER -1
B23: a | C23: Clothing and footwear | M23: AMOUNT | Q23: [currency]
B24: b | C24: Education goods (school supplies, school fee, donations) | M24: AMOUNT | Q24: [currency]
B25: k | C25: Electronic goods, furnishings and appliances (TV, furniture, or refrigerators) | M25: AMOUNT | Q25: [currency]
B26: h | C26: Lending to friends / other family members | M26: AMOUNT | Q26: [currency]
L27: CATI RANGE: MIN 0 MAX 10.000.000, NON RESPONSE -1
A29: 7.04 | B29: How much does your household save in a normal month? | M29: AMOUNT | Q29: [currency]
B30: INTERVIEWER: IF NONE WRITE 0 (ZERO)
B31: INTERVIEWER: IF DON'T KNOW, REGISTER -1 | L31: CATI RANGE: MIN 0 MAX 10.000.000, NON RESPONSE -1

Sheet 8.Housing
C1: SECTION 8. HOUSING
B3: 8.01 | C3: What type of dwelling does this household occupy?
D4: 1 | E4: One family house detached from other houses?
D5: 2 | E5: One family house attached to one or more houses?
D6: 3 | E6: Apartment in a building with two or more apartment units?
D7: 4 | E7: Dwelling attached to a shop or other non-residential building?
D8: 5 | E8: Building with two or more households which share a kitchen and toilet?
D9: 6 | E9: Lodging house?
D10: 97 | E10: OTHER (Specify)
B12: =B3+0.01 -> 8.02 | C12: What is the tenure status of this dwelling?
C13: INTERVIEWER: PROBE TO RECORD THE MOST ACCURATE RESPONSE
D14: 1 | E14: OWNED BY A HOUSEHOLD MEMBER WITHOUT A MORTGAGE OR LOAN
D15: 2 | E15: OWNED BY A HOUSEHOLD MEMBER WITH A MORTGAGE OR LOAN
D16: 3 | E16: RENTED WITH UNSUBSIDIZED RENT | O16: DB EDITING: Validar que 7.02a !=0
D17: 4 | E17: RENTED WITH SUBSIDIZED RENT | O17: DB EDITING: Validar que 7.02a !=0
D18: 5 | E18: OCCUPIED WITHOUT RENTAL PAYMENT
D19: 97 | E19: OTHER (Specify)
B21: =B12+0.01 -> 8.03 | C21: What is the main material used for this dwelling's walls?
D22: 1 | E22: WOOD / MASONITE
D23: 2 | E23: FLAT OR CORRUGATED METAL / ALUMINIUM SHEETS
D24: 3 | E24: CONCRETE, CEMENT, BRICK
D25: 4 | E25: THATCH
D26: 5 | E26: PLASTIC / TARPAULIN
D27: 6 | E27: OPEN HOUSE WITH NO WALL (E.G. FALE OR BURE)
D28: 97 | E28: OTHER (Specify)
B30: 8.06 | C30: How many separate rooms does your household occupy in this dwelling in total? Do not include hallway, kitchen, bathroom, and toilet.
E31: ROOMS | I31: CATI RANGE: MIN 1 MAX 15
B33: =B30+0.01 -> 8.07 | C33: What is the main source of drinking water for members of your household?
D34: 1 | E34: PIPED WATER – PRIVATE
D35: 2 | E35: PIPED WATER – SHARED
D36: 3 | E36: VILLAGE STANDPIPE
D37: 4 | E37: BOREHOLE/DUG WELL – PROTECTED
D38: 5 | E38: BOREHOLE/DUG WELL – UNPROTECTED
D39: 6 | E39: WATER TANK – PRIVATE
D40: 7 | E40: WATER TANK – SHARED/NEIGHBOR'S
D41: 8 | E41: BOTTLED WATER
D42: 9 | E42: RIVER, LAKE OR SPRING
D43: 97 | E43: OTHER (Specify)
B45: =B33+0.01 -> 8.08 | C45: What type of toilet does your household usually use?
D46: 1 | E46: Flush toilet to piped sewer system?
D47: 2 | E47: Flush toilet to septic tank?
D48: 3 | E48: Flush toilet to pit or to open drain?
D49: 4 | E49: Pit latrine with slab?
D50: 5 | E50: Pit latrine without slab / open pit?
D51: 6 | E51: Bush / sea / open field?
D52: 97 | E52: OTHER (Specify)
B54: =B45+0.01 -> 8.09 | C54: Does your household usually share this toilet with anyone outside the household?
D55: 1 | E55: YES
D56: 2 | E56: NO
B58: =B54+0.01 -> 8.1 | C58: What is the main source of energy used by your household for lighting?
D59: 1 | E59: ELECTRICITY - MAIN GRID
D60: 2 | E60: ELECTRICITY - OWN GENERATOR
D61: 3 | E61: SOLAR PANEL AND BATTERY SYSTEM
D62: 4 | E62: SOLAR LAMP
D63: 5 | E63: KEROSENE LAMP / PRESSURE LAMP
D64: 6 | E64: BATTERY - POWERED LAMP
D65: 7 | E65: GAS-POWERED LAMP
D66: 8 | E66: CANDLES
D67: 9 | E67: WOOD / COCONUT
D68: 97 | E68: OTHER (Specify)
B70: =B58+0.01 -> 8.11 | C70: What is the main source of energy used by your household for cooking?
D71: 1 | E71: ELECTRICITY
D72: 2 | E72: GAS
D73: 3 | E73: SOLAR POWER
D74: 4 | E74: KEROSENE
D75: 5 | E75: WOOD, CHARCOAL, SAW DUST
D76: 6 | E76: NONE
D77: 97 | E77: OTHER (Specify)
B79: 8.12 | C79: Does your household have internet conection at home?
D80: 1 | E80: YES
D81: 2 | E81: NO

Sheet 9.Assets
C1: SECTION 9. HOUSEHOLD ASSETS
H2: CATI: QUESTIONS IN BLOCK
H3: 9.01
H4: Which of the following assets do members of this household own?
E6: Assets | J6: 1 | K6: YES
J7: 2 | K7: NO
C8: a | D8: TV
C9: b | D9: Solar panel
C10: c | D10: Power generator
C11: d | D11: Electric fan
C12: e | D12: Air conditioner
C13: f | D13: Landline phone | M13: ="CATI VALIDATION: IF "&H3&C13&"=2 AND w_phone_type=2 WARNING MESSAGE: THE HOUSEHOLD HAS A LANDLINE REGISTERED" -> CATI VALIDATION: IF 9.01f=2 AND w_phone_type=2 WARNING MESSAGE: THE HOUSEHOLD HAS A LANDLINE REGISTERED
C14: g | D14: Mobile phone | M14: ="CATI VALIDATION: IF "&H3&C14&"=2 AND w_phone_type=1 BLOCKING MESSAGE: THE HOUSEHOLD HAS A MOBILE PHONE REGISTERED" -> CATI VALIDATION: IF 9.01g=2 AND w_phone_type=1 BLOCKING MESSAGE: THE HOUSEHOLD HAS A MOBILE PHONE REGISTERED
C15: h | D15: Tablet
C16: i | D16: Computer / Laptop
C17: j | D17: Refrigerator
C18: k | D18: Freezer
C19: l | D19: Gas or electric oven
C20: m | D20: Microwave oven
C21: n | D21: Sewing machine
C22: o | D22: Washing machine
C23: p | D23: Engine boat
C24: q | D24: Canoe / dinghy (without motor)
C25: r | D25: Motorbike
C26: s | D26: Tractor
... C32: y | D32: Goat
C34: ="CATI: IF "&H3&C13&"=1 GO TO "&B35&" OTHERWISE GO TO "&B39 -> CATI: IF 9.01f=1 GO TO 9.02 OTHERWISE GO TO 9.03
B35: =H3+0.01 -> 9.02 | C35: How many landlines phone are owned by members of this household?
F36: NUMBER LANDLINES | K36: CATI RANGE: MIN 1 MAX 2
C38: ="CATI: IF "&H3&C14&"=1 GO TO "&B39&" OTHERWISE GO TO NEXT SECTION" -> CATI: IF 9.01g=1 GO TO 9.03 OTHERWISE GO TO NEXT SECTION
B39: =B35+0.01 -> 9.03 | C39: How many mobile phones are owned by members of this household?
F40: NUMBER MOBILES | K40: CATI RANGE: MIN 1 MAX 12
B42: =B39+0.01 -> 9.04 | C42: How many mobile phones have two active SIM cards?
F43: NUMBER MOBILES | K43: CATI RANGE: MIN 0 MAX 12
C44: ="CATI VALIDATION: IF "&B42&">"&B39&" BLOCKING MESSAGE The number cannot be greater than the total" -> CATI VALIDATION: IF 9.04>9.03 BLOCKING MESSAGE The number cannot be greater than the total

Sheet 10.Roster remit members
B1: 10 | C1: SECTION 10. REMITTANCES FROM HOUSEHOLD MEMBERS
C3: ="CATI: IF "&'2.Sociodem'!J4&"=3 OR 2.10=1 OR 2.13=1 OR 2.16=1 GO TO "&C4&" OTHERWISE NEXT MEMBER" -> CATI: IF 2.02=3 OR 2.10=1 OR 2.13=1 OR 2.16=1 GO TO 10.01 OTHERWISE NEXT MEMBER
C4: =B1+0.01 -> 10.01 | H4: =C4+0.01 -> 10.02 | L4: =H4+0.01 -> 10.03 | P4: =L4+0.01 -> 10.04 | W4: =P4+0.01 -> 10.05 | AA4: =W4+0.01 -> 10.06
B5: Member ID | C5: During the past 6 months, has [NAME] sent money to any member of your household? | H5: During the last 6 months, how many times has [NAME] sent money to your household? | L5: Normally how much money did [NAME] sent to your household each time in the last 6 months and in what currency? | P5: Which is the most usual channel through which your household receives the money? | W5: What is the bank or money transfer operator? | AA5: In the last 6 months, did [NAME] send or bring goods, either food or non-food items, to your household?
H9: CATI RANGE: MIN 1 MAX 30 NON RESPONSE -1 | L9: CATI RANGE: MIN 10 MAX 10.000.000 NON RESPONSE -1
W10: 1 | X10: NAB
C11: 1 | D11: YES | P11: 1 | Q11: ONLINE TRANSFERS | W11: 2 | X11: ANZ | AA11: 1 | AB11: YES
C12: 2 | D12: NO | E12: >> | F12: =AA4 -> 10.06 | P12: 2 | Q12: OVER-THE-COUNTER TRANSFERS | W12: 3 | X12: COMMONWEALTH BANK OF AUSTRALIA | AA12: 2 | AB12: NO
P13: 4 | Q13: MOBILE WALLET | W13: 4 | X13: KIWI BANK
P14: 5 | Q14: CASH THROUGH A THIRD PARTY | U14: >> | V14: =AA4 -> 10.06 | W14: 5 | X14: BNZ
P15: 97 | Q15: OTHER (specify) | W15: 6 | X15: ASB
L16: INTERVIEWER: IF THE AMOUNT CHANGED EACH TIME RECORD THE AVERAGE | W16: 7 | X16: WESTPAC
W17: 8 | X17: WESTERN UNION
W18: 9 | X18: MONEYGRAM
W19: 10 | X19: KLICKEX
W20: 11 | X20: KLICKEXPACIFIC
W21: 12 | X21: RIA MONEY TRANSFER
N22: 1 | O22: TOP | W22: 13 | X22: WANTOK MONEY
N23: 2 | O23: VUV | W23: 14 | X23: TDB
N24: 3 | O24: AUS | W24: 97 | X24: OTHER (Specify)
H25: NUMBER | L25: AMOUNT | N25: 4 | O25: NZD
B26: 1
B27: 2
B28: 3
B29: 4

Sheet 11.Remit nonmembers
A1: 11 | C1: SECTION 11. INWARD REMITTER NON-HOUSEHOLD MEMBERS
B3: =A1+0.01 -> 11.01 | C3: During the last 6 months has any member of your household received money from any other person living in another country and who is not a member of this household? We refer to persons who were not mentioned at the beginning of the interview.
D6: 1 | E6: YES
D7: 2 | E7: NO | H7: >> | I7: SECTION
B9: =B3+0.01 -> 11.02 | C9: From which countries do you receive money that are from people who are not members of your household?
D10: a | E10: AUSTRALIA
D11: b | E11: NEW ZEALAND
D12: c | E12: UNITED STATES | H12: >> | I12: =B25 -> 11.04
D13: z | E13: OTHER (Specify) | H13: >> | I13: =I12 -> 11.04
B15: =B9+0.01 -> 11.03 | C15: Are they currently working or did they work in the SWP, PLS or RSE programs?
D16: a | E16: YES, IN THE SWP
D17: b | E17: YES, IN THE PLS
D18: c | E18: YES, IN THE RSE
D19: d | E19: NO
D20: e | E20: DON'T KNOW
C21: ="CATI VALIDATION: "&B15&"=e OR "&B15&"=d THE OTHER OPTIONS MUST BE BLANK" -> CATI VALIDATION: 11.03=e OR 11.03=d THE OTHER OPTIONS MUST BE BLANK
C22: ="CATI VALIDATION: ("&B15&"=a OR "&B15&"=b) AND "&B9&"!=a ALERT MESSAGE The SWP and PLS programs are from Australia, check in the previous question from which country they received money " -> CATI VALIDATION: (11.03=a OR 11.03=b) AND 11.02!=a ALERT MESSAGE The SWP and PLS programs are from Australia, check in the previous question from which country they received money
C23: ="CATI VALIDATION: "&B15&"=c AND "&B9&"!=b ALERT MESSAGE The RSE program is from New Zealand, check in the previous question from which country they received money " -> CATI VALIDATION: 11.03=c AND 11.02!=b ALERT MESSAGE The RSE program is from New Zealand, check in the previous question from which country they received money
B25: =B15+0.01 -> 11.04 | C25: During the past 6 months, how many times did your household receive money from non-household members?
I26: CATI RANGE: MIN 1 MAX 6, NON RESPONSE -1
B28: =B25+0.01 -> 11.05 | C28: What was the total amount of money sent to your household by in the last 6 months and in what currency?
G29: 1 | H29: TOP | I29: CATI RANGE: MIN 0 MAX 10.000.000, NON RESPONSE -1
G30: 2 | H30: VUV
G31: 3 | H31: AUS
G32: 4 | H32: NZD

Sheet 13.Temporary migrant HH 
A1: 13 | C1: SECTION 13. TEMPORARY MIGRANT HOUSEHOLDS
C3: ="CATI: IF [SWP=1] GO TO "&B4&" OTHERWISE GO TO "&B12 -> CATI: IF [SWP=1] GO TO 13.01 OTHERWISE GO TO 13.02
B4: =A1+0.01 -> 13.01 | C4: What has been the impact of the SWP on your household? Very positive, positive, neutral, negative, or very negative?
D5: 1 | E5: VERY POSITIVE
D6: 2 | E6: POSITIVE
D7: 3 | E7: NEUTRAL
D8: 4 | E8: NEGATIVE
D9: 5 | E9: VERY NEGATIVE
C11: ="CATI: IF [PLS=1] GO TO "&B12&" OTHERWISE GO TO "&B21 -> CATI: IF [PLS=1] GO TO 13.02 OTHERWISE GO TO 13.03
B12: =B4+0.01 -> 13.02 | C12: What has been the impact of the PLS on your household? Very positive, positive, neutral, negative, or very negative?
D14: 1 | E14: VERY POSITIVE
D15: 2 | E15: POSITIVE
D16: 3 | E16: NEUTRAL
D17: 4 | E17: NEGATIVE
D18: 5 | E18: VERY NEGATIVE
C20: ="CATI: IF [RSE=1] GO TO "&B21&" OTHERWISE GO TO "&B28 -> CATI: IF [RSE=1] GO TO 13.03 OTHERWISE GO TO 13.04
B21: =B12+0.01 -> 13.03 | C21: What has been the impact of the RSE on your household? Very positive, positive, neutral, negative, or very negative?
D22: 1 | E22: VERY POSITIVE
D23: 2 | E23: POSITIVE
D24: 3 | E24: NEUTRAL
D25: 4 | E25: NEGATIVE
D26: 5 | E26: VERY NEGATIVE
C27: ="CATI: IF [MIGRA>=1] GO TO "&B28&" OTHERWISE GOTO NEXT SECTION" -> CATI: IF [MIGRA>=1] GO TO 13.04 OTHERWISE GOTO NEXT SECTION
B28: =B21+0.01 -> 13.04 | C28: What has been the impact on your community from households participating in [w_workp]? Very positive, positive, neutral, negative, or very negative?
D29: 1 | E29: VERY POSITIVE | I29: >> | J29: =B35 -> 13.05
D30: 2 | E30: POSITIVE | I30: >> | J30: =B35 -> 13.05
D31: 3 | E31: NEUTRAL | I31: >> | J31: SECTION
D32: 4 | E32: NEGATIVE | I32: >> | J32: =B74 -> 13.06
D33: 5 | E33: VERY NEGATIVE | I33: >> | J33: =B74 -> 13.06
B35: =B28+0.01 -> 13.05 | C35: Have you seen ...
D36: a | E36: Higher level of household income
E37: 1 | F37: YES
E38: 2 | F38: NO
E39: 98 | F39: DON'T KNOW
D40: c | E40: More money for local churches
E41: 1 | F41: YES
E42: 2 | F42: NO
E43: 98 | F43: DON'T KNOW
D44: d | E44: More local businesses
E45: 1 | F45: YES
E46: 2 | F46: NO
E47: 98 | F47: DON'T KNOW
D48: f | E48: Improved educational outcomes for children
E49: 1 | F49: YES
E50: 2 | F50: NO
E51: 98 | F51: DON'T KNOW
D52: g | E52: Increased household income
E53: 1 | F53: YES
E54: 2 | F54: NO
E55: 98 | F55: DON'T KNOW
D56: h | E56: More entrepreneurship activities in the community
E57: 1 | F57: YES
E58: 2 | F58: NO
E59: 98 | F59: DON'T KNOW
D60: i | E60: Improved infrastructure and services in the community
E61: 1 | F61: YES
E62: 2 | F62: NO
E63: 98 | F63: DON'T KNOW
D64: j | E64: Returned migrants taught new skills to other community members
E65: 1 | F65: YES
E66: 2 | F66: NO
E67: 98 | F67: DON'T KNOW
D68: m | E68: Better relationships among family members
E69: 1 | F69: YES
E70: 2 | F70: NO
E71: 98 | F71: DON'T KNOW
D72: CATI: GO TO NEXT SECTION
B74: =B35+0.01 -> 13.06 | C74: Have you seen ...
D75: a | E75: Less formal sector workers in the community (e.g. public servants)
E76: 1 | F76: YES
E77: 2 | F77: NO
E78: 98 | F78: DON'T KNOW
D79: b | E79: Less informal sector workers in the community (e.g. workers in subsistence agriculture)
E80: 1 | F80: YES
E81: 2 | F81: NO
E82: 98 | F82: DON'T KNOW
D83: c | E83: Temporary migrants less motivated to work locally upon return
E84: 1 | F84: YES
E85: 2 | F85: NO
E86: 98 | F86: DON'T KNOW
D87: d | E87: Poorer educational outcomes for children
E88: 1 | F88: YES
E89: 2 | F89: NO
E90: 98 | F90: DON'T KNOW
D91: e | E91: Poorer care of children
E92: 1 | F92: YES
E93: 2 | F93: NO
E94: 98 | F94: DON'T KNOW
D95: f | E95: Worse relationships among family members
E96: 1 | F96: YES
E97: 2 | F97: NO
E98: 98 | F98: DON'T KNOW
D99: g | E99: More use of alcohol
E100: 1 | F100: YES
E101: 2 | F101: NO
E102: 98 | F102: DON'T KNOW
D103: h | E103: More violence against women at home
E104: 1 | F104: YES
E105: 2 | F105: NO
E106: 98 | F106: DON'T KNOW

Sheet 14.Non-temporary migrant HH
A1: 14 | C1: SECTION 14. NON-TEMPORARY MIGRANTS HOUSEHOLDS
C3: ="CATI: IF [H_NMIGRA=1] AND [NAP=1] GO TO "&B4&" OTHERWISE GOTO "&B77 -> CATI: IF [H_NMIGRA=1] AND [NAP=1] GO TO 14.01 OTHERWISE GOTO 14.02
B4: =A1+0.01 -> 14.01 | C4: Now, I will ask you about the members of your household who haven't applied to the programs to work in Australia or New Zealand. I will read a list of reasons for NOT trying to work under the SWP, PLS or RSE programs.
C8: CATI: RANDOMIZE THE OPTIONS FROM a TO m
C9: INTERVIEWER: READ ALL THE OPTIONS
C10: a | D10: Unawareness of the program
E11: 1 | F11: Very important
E12: 2 | F12: Somewhat important
E13: 3 | F13: Somewhat unimportant
E14: 4 | F14: Very unimportant
C15: b | D15: Unaware of the requirements to apply
E16: 1 | F16: Very important
E17: 2 | F17: Somewhat important
E18: 3 | F18: Somewhat unimportant
E19: 4 | F19: Very unimportant
C20: c | D20: Already have permission to work in Australia or New Zealand through another visa category
E21: 1 | F21: VERY IMPORTANT
E22: 2 | F22: SOMEWHAT IMPORTANT
E23: 3 | F23: SOMEWHAT UNIMPORTANT
E24: 4 | F24: VERY UNIMPORTANT
C25: d | D25: Not wanting to move away from the family
E26: 1 | F26: VERY IMPORTANT
E27: 2 | F27: SOMEWHAT IMPORTANT
E28: 3 | F28: SOMEWHAT UNIMPORTANT
E29: 4 | F29: VERY UNIMPORTANT
A30: . | C30: e | D30: Not wanting to leave temporarily, but will wait until a permanent option is available.
E31: 1 | F31: VERY IMPORTANT
E32: 2 | F32: SOMEWHAT IMPORTANT
E33: 3 | F33: SOMEWHAT UNIMPORTANT
E34: 4 | F34: VERY UNIMPORTANT
C35: f | D35: Have a business that you can't leave
E36: 1 | F36: VERY IMPORTANT
E37: 2 | F37: SOMEWHAT IMPORTANT
E38: 3 | F38: SOMEWHAT UNIMPORTANT
E39: 4 | F39: VERY UNIMPORTANT
C40: g | D40: Social obligations in the village do not permit you to leave
E41: 1 | F41: Very important
E42: 2 | F42: Somewhat important
E43: 3 | F43: Somewhat unimportant
E44: 4 | F44: Very unimportant
C45: h | D45: English language ability is not good enough
E46: 1 | F46: VERY IMPORTANT
E47: 2 | F47: SOMEWHAT IMPORTANT
E48: 3 | F48: SOMEWHAT UNIMPORTANT
E49: 4 | F49: VERY UNIMPORTANT
C50: i | D50: Temporary work in Australia / New Zealand is too hard
E51: 1 | F51: VERY IMPORTANT
E52: 2 | F52: SOMEWHAT IMPORTANT
E53: 3 | F53: SOMEWHAT UNIMPORTANT
E54: 4 | F54: VERY UNIMPORTANT
C55: j | D55: Can earn more money by staying in the country
E56: 1 | F56: VERY IMPORTANT
E57: 2 | F57: SOMEWHAT IMPORTANT
E58: 3 | F58: SOMEWHAT UNIMPORTANT
E59: 4 | F59: VERY UNIMPORTANT
C60: k | D60: Inability to pay the cost to apply for the programs
E61: 1 | F61: VERY IMPORTANT
E62: 2 | F62: SOMEWHAT IMPORTANT
E63: 3 | F63: SOMEWHAT UNIMPORTANT
E64: 4 | F64: VERY UNIMPORTANT
C65: l | D65: The chance of being selected is very low
E66: 1 | F66: VERY IMPORTANT
E67: 2 | F67: SOMEWHAT IMPORTANT
E68: 3 | F68: SOMEWHAT UNIMPORTANT
E69: 4 | F69: VERY UNIMPORTANT
C70: m | D70: Not interested in participating in the programs
E71: 1 | F71: VERY IMPORTANT
E72: 2 | F72: SOMEWHAT IMPORTANT
E73: 3 | F73: SOMEWHAT UNIMPORTANT
E74: 4 | F74: VERY UNIMPORTANT
C76: ="CATI: IF [H_NMIGRA=1] AND ([NJ_SWP=1] OR [NJ_PLS=1] ) GO TO "&B77&" OTHERWISE GOTO "&B92 -> CATI: IF [H_NMIGRA=1] AND ([NJ_SWP=1] OR [NJ_PLS=1] ) GO TO 14.02 OTHERWISE GOTO 14.03
B77: =B4+0.01 -> 14.02 | C77: I will now ask you about the members of your household who applied to the SWP or PLS programs to work in Australia and were not selected. What did these household members do to try to work in Australia in the SWP or in the PLS programs?
D79: a | E79: REGISTERED WITH AN AGENT
D80: b | E80: TONGA: REGISTERED WITH THE MINISTRY OF INTERNAL AFFAIRS | O80: DB EDITING: Limpiar si corresponde según el país
D81: c | E81: VANUATU: REGISTERED WITH THE COMMISSION OF LABOUR | O81: DB EDITING: Limpiar si corresponde según el país
D82: d | E82: KIRIBATI: REGISTERED WITH THE MINISTRY OF EMPLOYMENT AND HUMAN RESOURCES | O82: DB EDITING: Limpiar si corresponde según el país
D83: e | E83: ATTENDED AN OUTREACH/REGISTRATION EVENT FOR LABOR MIGRATION PROGRAMS
D84: f | E84: EXPRESSED INTEREST TO VILLAGE OR COMMUNITY LEADERS
D85: g | E85: HAD A JOB INTERVIEW WITH A VISITING EMPLOYER
D86: h | E86: CONTACTED FRIEND(S) WHO HAVE WORKED IN THE SCHEME
D87: i | E87: CONTACTED FAMILY MEMBER(S)/RELATIVE(S) WHO HAS WORKED IN THE SCHEME
D88: j | E88: OTHER (Specify)
D89: k | E89: DON´T KNOW
C91: ="CATI: IF [H_NMIGRA=1] AND [NJ_RSE=1] GO TO "&B92&" OTHERWISE GOTO "&B108 -> CATI: IF [H_NMIGRA=1] AND [NJ_RSE=1] GO TO 14.03 OTHERWISE GOTO 14.04
B92: =B77+0.01 -> 14.03 | C92: I will now ask you about the members of your household who applied to the RSE program to work in New Zealand and were not selected. What did these household members do to try to work in New Zealand in the RSE program?
D95: a | E95: REGISTERED WITH AN AGENT
D96: b | E96: TONGA: REGISTERED WITH THE MINISTRY OF INTERNAL AFFAIRS | O96: DB EDITING: Limpiar si corresponde según el país
D97: c | E97: VANUATU: REGISTERED WITH THE COMMISSION OF LABOUR | O97: DB EDITING: Limpiar si corresponde según el país
D98: d | E98: KIRIBATI: REGISTERED WITH THE MINISTRY OF EMPLOYMENT AND HUMAN RESOURCES | O98: DB EDITING: Limpiar si corresponde según el país
D99: e | E99: ATTENDED AN OUTREACH/REGISTRATION EVENT FOR LABOR MIGRATION PROGRAMS
D100: f | E100: EXPRESSED INTEREST TO VILLAGE OR COMMUNITY LEADERS
D101: g | E101: HAD A JOB INTERVIEW WITH A VISITING EMPLOYER
D102: h | E102: CONTACTED FRIEND(S) WHO HAVE WORKED IN THE SCHEME
D103: i | E103: CONTACTED FAMILY MEMBER(S)/RELATIVE(S) WHO HAS WORKED IN THE SCHEME
D104: j | E104: DON´T KNOW
D105: z | E105: OTHER (Specify)
C107: ="CATI: IF [H_NMIGRA=1] GO TO "&B108&" OTHERWISE GOTO NEXT SECTION" -> CATI: IF [H_NMIGRA=1] GO TO 14.04 OTHERWISE GOTO NEXT SECTION
B108: =B92+0.01 -> 14.04 | C108: Which one of these three programs would you prefer someone from your household to participate in?
C109: INTERVIEWER: READ OPTIONS
D110: 1 | E110: SWP in Australia?
...

Sheet 15. Gender
A1: 15 | C1: SECTION 15 | E1: GENDER-RELATED IMPACTS
B3: =A1+0.01 -> 15.01 | C3: How much do you agree or disagree with the following statements?
C4: INTERVIEWER: PROBE WHETHER THE INFORMANT STRONGLY OR SOMEWHAT AGREE OR DISAGREE
D5: a | E5: A father's main responsibility is to provide ﬁnancially for his children.
F6: 1 | G6: STRONGLY AGREE
F7: 2 | G7: SOMEWHAT AGREE
F8: 3 | G8: NEITHER AGREE NOR DISAGREE
F9: 4 | G9: SOMEWHAT DISAGREE
F10: 5 | G10: STRONGLY DISAGREE
D11: b | E11: Some types of work are just not appropriate for women.
F12: 1 | G12: STRONGLY AGREE
F13: 2 | G13: SOMEWHAT AGREE
F14: 3 | G14: NEITHER AGREE NOR DISAGREE
F15: 4 | G15: SOMEWHAT DISAGREE
F16: 5 | G16: STRONGLY DISAGREE
D17: c | E17: Mothers should work only if necessary.
F18: 1 | G18: STRONGLY AGREE
F19: 2 | G19: SOMEWHAT AGREE
F20: 3 | G20: NEITHER AGREE NOR DISAGREE
F21: 4 | G21: SOMEWHAT DISAGREE
F22: 5 | G22: STRONGLY DISAGREE
D23: d | E23: A husband is expected to work outside the home, while a wife is expected to take on domestic duties.
F24: 1 | G24: STRONGLY AGREE
F25: 2 | G25: SOMEWHAT AGREE
F26: 3 | G26: NEITHER AGREE NOR DISAGREE
F27: 4 | G27: SOMEWHAT DISAGREE
F28: 5 | G28: STRONGLY DISAGREE
D29: e | E29: For many jobs, it is better to choose men instead of women.
F30: 1 | G30: STRONGLY AGREE
F31: 2 | G31: SOMEWHAT AGREE
F32: 3 | G32: NEITHER AGREE NOR DISAGREE
F33: 4 | G33: SOMEWHAT DISAGREE
F34: 5 | G34: STRONGLY DISAGREE
C36: ="CATI: IF [FEM] = 1 GO TO "&B37&" OTHERWISE "&B111 -> CATI: IF [FEM] = 1 GO TO 15.02 OTHERWISE 15.05
B37: =B3+0.01 -> 15.02 | C37: What jobs / tasks did these women carry out prior to working in temporary migration programs?
D38: a | E38: Working in professional roles
E39: 1 | F39: YES
E40: 2 | F40: NO
D41: b | E41: Subsistence agriculture
E42: 1 | F42: YES
E43: 2 | F43: NO
D44: c | E44: Cleaning
E45: 1 | F45: YES
E46: 2 | F46: NO
D47: d | E47: Leadership in religious organisations
E48: 1 | F48: YES
E49: 2 | F49: NO
D50: e | E50: Village maintenance
E51: 1 | F51: YES
E52: 2 | F52: NO
D53: f | E53: Caring for children, elderly or someone with a disability
E54: 1 | F54: YES
E55: 2 | F55: NO
D56: h | E56: Made decisions about comunity affairs
E57: 1 | F57: YES
E58: 2 | F58: NO
B60: =B37+0.01 -> 15.03 | C60: Who in this household took on these additional responsibilities after these women left?
D61: ="CATI: IF"&B$37&"a=1 GO TO "&B$60&"a OTHERWISE GO TO "&B$60&D68 -> CATI: IF15.02a=1 GO TO 15.03a OTHERWISE GO TO 15.03b
D62: a | E62: Working in professional roles
E63: 1 | F63: ADULT FEMALES
E64: 2 | F64: ADULT MALES
E65: 3 | F65: CHILDREN
E66: 4 | F66: NONE
D67: ="CATI: IF"&B$37&"b=1 GO TO "&B$60&"b OTHERWISE GO TO "&B$60&D74 -> CATI: IF15.02b=1 GO TO 15.03b OTHERWISE GO TO 15.03c
D68: b | E68: Subsistence agriculture
E69: 1 | F69: ADULT FEMALES
E70: 2 | F70: ADULT MALES
E71: 3 | F71: CHILDREN
E72: 4 | F72: NONE
D73: ="CATI: IF"&B$37&"c=1 GO TO "&B$60&"c OTHERWISE GO TO "&B$60&D80 -> CATI: IF15.02c=1 GO TO 15.03c OTHERWISE GO TO 15.03d
D74: c | E74: Cleaning
E75: 1 | F75: ADULT FEMALES
E76: 2 | F76: ADULT MALES
E77: 3 | F77: CHILDREN
E78: 4 | F78: NONE
D79: ="CATI: IF"&B$37&"d=1 GO TO "&B$60&"d OTHERWISE GO TO "&B$60&D86 -> CATI: IF15.02d=1 GO TO 15.03d OTHERWISE GO TO 15.03e
D80: d | E80: Leading religious women's groups
E81: 1 | F81: ADULT FEMALES
E82: 2 | F82: ADULT MALES
E83: 3 | F83: CHILDREN
E84: 4 | F84: NONE
D85: ="CATI: IF"&B$37&"e=1 GO TO "&B$60&"e OTHERWISE GO TO "&B$60&D92 -> CATI: IF15.02e=1 GO TO 15.03e OTHERWISE GO TO 15.03f
D86: e | E86: Village maintenance
E87: 1 | F87: ADULT FEMALES
E88: 2 | F88: ADULT MALES
E89: 3 | F89: CHILDREN
E90: 4 | F90: NONE
D91: ="CATI: IF"&B$37&"f=1 GO TO "&B$60&"f OTHERWISE GO TO "&B$60&D98 -> CATI: IF15.02f=1 GO TO 15.03f OTHERWISE GO TO 15.03h
D92: f | E92: Caring for children, elderly or someone with a disability
E93: 1 | F93: ADULT FEMALES
E94: 2 | F94: ADULT MALES
E95: 3 | F95: CHILDREN
E96: 4 | F96: NONE
D97: ="CATI: IF"&B$37&"h=1 GO TO "&B$60&"h OTHERWISE GO TO "&B104 -> CATI: IF15.02h=1 GO TO 15.03h OTHERWISE GO TO 15.04
D98: h | E98: Decide on community affairs
E99: 1 | F99: ADULT FEMALES
E100: 2 | F100: ADULT MALES
E101: 3 | F101: CHILDREN
E102: 4 | F102: NONE
B104: =B60+0.01 -> 15.04 | C104: Female participation in temporary migration programs on marital relationships in this household was...
...
